 Dungeon Crawl Stone Soup version 0.30.0-11-gf55b779eaf (webtiles) character file.

Game seed: 1543308346546022329

7364 Jackthecabe the Covert (level 11, -6/71 HPs)
             Began as a Kobold Brigand on May 16, 2023.
             Was a Believer of Uskayaw.
             Mangled by a komodo dragon (26 damage)
             ... on level 10 of the Dungeon.
             The game lasted 00:21:09 (11056 turns).

Jackthecabe the Covert (Kobold Brigand)            Turns: 11056, Time: 00:21:10

Health: -6/71      AC: 14    Str:  9    XL:     11   Next: 35%
Magic:  18/18      EV: 12    Int: 12    God:    Uskayaw [**....]
Gold:   586        SH:  0    Dex: 27    Spells: 10/10 levels left

rFire   . . .        a - +3 dagger (elec)
rCold   . . .        (no shield)
rNeg    + . .        o - +6 ring mail "Woitov" {rN+}
rPois   +            G - +0 helmet
rElec   .            c - +0 cloak
rCorr   .            h - +0 pair of gloves
SInv    .            (no boots)
Will    .....        g - amulet of faith {!P}
Stlth   +++++++      D - +6 ring of dexterity
HPRegen 0.31/turn    P - ring of poison resistance
MPRegen 0.16/turn

%: faith
@: no status effects
A: small, no large weapons, nightstalker 3
a: Renounce Religion, Stomp, Line Pass


You were on level 10 of the Dungeon.
You worshipped Uskayaw.
Uskayaw was aware of your devotion.
You visited 2 branches of the dungeon, and saw 11 of its levels.

You collected 586 gold pieces.


Innate Abilities, Weirdness & Mutations

You are small and have problems with some larger weapons.
You are completely attuned to the shadows.


   Skills:
 + Level 9.4 Fighting
 - Level 10.0 Short Blades
 - Level 2.1 Throwing
 - Level 1.2 Dodging
 + Level 13.5 Stealth
 - Level 10.0 Invocations


You had 10 spell levels left.
You didn't know any spells.
Your spell library contained the following spells:

 Spells                   Type           Power      Damage    Failure   Level
 Summon Small Mammal      Summ           0%         N/A       67%         1
 Sublimation of Blood     Necr           0%         N/A       80%         2
 Call Canine Familiar     Summ           0%         N/A       95%         3
 Hailstorm                Conj/Ice       0%         3d3       95%         3
 Ozocubu's Armour         Ice            0%         N/A       95%         3
 Summon Guardian Golem    Hex/Summ       0%         N/A       95%         3
 Ice Form                 Ice/Tmut       0%         N/A       100%        4
 Petrify                  Tmut/Erth      0%         N/A       100%        4
 Irradiate                Conj/Tmut      0%         3d11      100%        5
 Metabolic Englaciation   Hex/Ice        0%         N/A       100%        5
 Summon Forest            Summ/Tloc      0%         N/A       100%        5
 Summon Mana Viper        Hex/Summ       0%         N/A       100%        5
 Simulacrum               Ice/Necr       0%         N/A       100%        6
 Summon Cactus Giant      Summ           0%         N/A       100%        6

Inventory:

Hand Weapons
 a - a +3 dagger of electrocution (weapon)
 b - a +1 dagger of venom
Missiles
 d - 23 poisoned darts (quivered)
 e - 3 curare-tipped darts {=f}
 M - 5 datura-tipped darts
Armour
 c - a +0 cloak (worn)
 h - a +0 pair of gloves (worn)
 o - the +6 ring mail "Woitov" (worn) {rN+}
   (You found it on level 2 of the Dungeon)

   rN:        It protects you from negative energy.
 G - a +0 helmet (worn)
 K - a +0 robe
 S - a +0 troll leather armour
Magical Staves
 N - a staff of poison {!a}
Jewellery
 g - an amulet of faith (around neck) {!P}
 D - a +6 ring of dexterity (left hand)
 F - a ring of fire
 I - a +6 ring of intelligence
 P - a ring of poison resistance (right hand)
Wands
 v - a wand of paralysis (23)
 x - a wand of mindburst (10)
 E - a wand of iceblast (10)
 R - a wand of flame (23)
Scrolls
 j - 4 scrolls of vulnerability
 k - 4 scrolls of teleportation {@r2}
 m - 4 scrolls of fear
 n - 6 scrolls of enchant weapon
 q - a scroll of noise {unknown}
 r - a scroll of acquirement {unknown}
 t - 3 scrolls of amnesia {unknown}
 y - a scroll of poison {unknown}
 z - a scroll of fog {unknown}
 A - a scroll of brand weapon
 H - a scroll of enchant armour {unknown}
 L - 2 scrolls of identify {@r1}
 Q - a scroll of magic mapping {unknown}
Potions
 f - a potion of berserk rage {unknown}
 i - 2 potions of attraction
 l - a potion of invisibility
 p - 2 potions of lignification {unknown}
 s - 2 potions of brilliance {unknown}
 u - 4 potions of might {unknown}
 w - 2 potions of mutation
 B - 5 potions of heal wounds {unknown}
 C - a potion of degeneration {unknown}
 J - a potion of haste {unknown}
 O - 2 potions of resistance {unknown}

Dungeon Overview and Level Annotations

Branches:
Dungeon (10/15)            Temple (1/1) D:4             Orc (0/2) D:9
   Lair: D:8-11

Altars:
Ashenzari
Cheibriados
Dithmenos
Elyvilon
Fedhas
Gozag
Hepliaklqana
Kikubaaqudgha
Makhleb
Nemelex Xobeh
Okawaru
Qazlal
Ru
Sif Muna
Trog
Uskayaw
Vehumet
Wu Jian
Xom
Yredelemnul
Zin
The Shining One

.~~...~~ #~.☼○..~
#~..°..~ #~.○.○.~
#~≈(..~~ ##~l~~~#
##@.### #####+### #.)÷#
#. #.......#######'###..
#........#..........#
####........#.....(....#
...'...................#
####.......##..........#
#.......##....)...).#
#.......##..........+


You could see a komodo dragon (very poisoned, slow).


Message History

Throw: 5 darts (curare) {=f}
Press: ? - help, Shift-Dir - straight line, f - komodo dragon
Aim: a komodo dragon (lightly wounded, 75% to hit)
You throw a curare-tipped dart {=f}.
The curare-tipped dart {=f} barely misses the komodo dragon.
You hear a splash.
The komodo dragon bites you!
* * * LOW HITPOINT WARNING * * *
Throw: 4 darts (curare) {=f}
Press: ? - help, Shift-Dir - straight line, f/p - komodo dragon
Aim: a komodo dragon (lightly wounded, 75% to hit)
You throw a curare-tipped dart {=f}.
The curare-tipped dart {=f} hits the komodo dragon.
The komodo dragon is poisoned.
The komodo dragon convulses.
The komodo dragon seems to slow down.
The komodo dragon is heavily wounded.
You hear a splash.
You closely miss the komodo dragon.
The komodo dragon is heavily wounded.
The komodo dragon bites you but does no damage.
You hit the komodo dragon.
The komodo dragon is heavily wounded.
You hit the komodo dragon.
Lightning courses through the komodo dragon!
The komodo dragon is almost dead.
You can now pass through a line of other dancers.
You hit the komodo dragon but do no damage.
The komodo dragon is almost dead.
The komodo dragon bites you!!
You die...

Skill      XL: |  1  2  3  4  5  6  7  8  9 10 11 |
---------------+----------------------------------+-----
Short Blades   | 3 4 5 6 7 8 9 10 | 10.0
Stealth        | 6 7 8 12 13 | 13.5
Fighting       | 4 7 8 9 |  9.4
Invocations    | 4 7 10 | 10.0
Throwing       | |  2.1
Dodging        | |  1.2

Action                     |  1- 3 |  4- 6 |  7- 9 | 10-12 || total
---------------------------+-------+-------+-------+-------++-------
  Melee: Dagger            |    52 |   201 |   446 |   215 ||   914
         Punch             |       |     5 |     6 |     3 ||    14
  Throw: Dart              |     1 |    24 |    36 |     9 ||    70
 Invoke: Line Pass         |       |       |     4 |       ||     4
         Stomp             |       |       |     1 |       ||     1
  Evoke: Wand              |       |       |       |     2 ||     2
    Use: Scroll            |     4 |     1 |     3 |       ||     8
         Potion            |       |       |     2 |       ||     2
   Stab: Sleeping          |    13 |    12 |    15 |    15 ||    55
         Paralysed         |       |       |     8 |     9 ||    17
 Armour: Robe              |     8 |     2 |       |       ||    10
         Ring mail         |       |    44 |   180 |    47 ||   271
  Dodge: Dodged            |    28 |    77 |   250 |    67 ||   422

Levels and vault maps discovered:
D:1:      matt_arrival_diagonals, layout_basic, serial_rivers,
          chequers_serial_rivers_micro_b, chequers_serial_rivers_marsh,
          chequers_serial_rivers_small_3, chequers_serial_rivers_large_b,
          chequers_serial_rivers_small_b, chequers_serial_rivers_micro_c
D:2:      layout_loops_ring, roderic_lattice_a, chequers_serial_rivers_small_a
D:3:      layout_basic, chequers_ecumenical_altar_island
D:4:      layout_gridville, old_standard_altar, bloody_trog,
          nicolae_vehumet_altar_sigil, minmay_temple_entry_antechambers,
          minmay_fractal_squares_5
D:5:      layout_rooms, nicolae_wu_jian_wuxing_cycle, grunt_ministairs_15
D:6:      layout_loops_ring, nicolae_qazlal_scattered_showers,
          mainiacjoe_overflow_large_starburst
D:7:      layout_loops_ring
D:8:      lemuel_slime, layout_loops_cross, mainiacjoe_overflow_alcove_4,
          serial_demonic, serial_demonic_f, serial_demonic_b, serial_demonic_c,
          serial_demonic_b, kennysheep_island_fort, uniq_grum, uniq_maurice
D:9:      layout_big_octagon, overflow_temple_1_default, david_orc_3,
          serial_co_window_serial, co_window_paths_b, co_window_paths_a,
          co_window_of_opportunity_a, co_window_cross_1, co_window_paths_a,
          co_window_paths_b, co_window_corner_a, co_window_corner_ca,
          co_window_2corner, co_window_broadway_b, co_window_broadway_b,
          glass_columns_c, glass_columns_a, glass_columns_c, hex_tiny,
          minivault_5
D:10:     layout_roguey, xom_confusion_cloud, david_lair_shrubbed,
          serial_corexii_hall, corexii_hall_statues_x,
          chequers_hall_statues_wall_a, chequers_hall_statues_y,
          chequers_hall_statues_y, corexii_hall_statues_i,
          chequers_hall_statues_y
Temple:   nicolae_temple_slightly_damp_pantheon

Notes
Turn   | Place    | Note
-------+----------+-------------------------------------------
     0 | D:1      | Jackthecabe the Kobold Brigand began the quest for the Orb.
     0 | D:1      | Reached XP level 1. HP: 12/12 MP: 1/1
   241 | D:1      | Reached skill level 3 in Short Blades
   484 | D:1      | Reached XP level 2. HP: 17/17 MP: 2/2
   586 | D:1      | Reached skill level 4 in Short Blades
   617 | D:1      | Reached XP level 3. HP: 21/21 MP: 3/3
  1266 | D:2      | Reached skill level 5 in Short Blades
  1328 | D:2      | Reached XP level 4. HP: 26/26 MP: 4/4
  1575 | D:2      | Identified the +6 ring mail "Woitov" {rN+}
  1800 | D:2      | Reached skill level 6 in Short Blades
  2353 | D:3      | Reached XP level 5. HP: 30/30 MP: 5/5
  3022 | D:3      | Found a faded altar of an unknown god.
  3085 | D:4      | Reached skill level 7 in Short Blades
  3085 | D:4      | Reached skill level 6 in Stealth
  3085 | D:4      | Reached XP level 6. HP: 35/35 MP: 6/6
  3265 | D:4      | Identified the +0 ring mail "Voboacaf" {rC+}
  3289 | D:4      | Reached skill level 7 in Stealth
  3759 | D:4      | Found a radiant altar of Vehumet.
  3848 | D:4      | Reached skill level 8 in Short Blades
  3848 | D:4      | Reached XP level 7. HP: 40/40 MP: 7/7
  4032 | D:4      | Found a basalt altar of Yredelemnul.
  4259 | D:4      | Reached skill level 8 in Stealth
  4349 | D:4      | Found a bloodstained altar of Trog.
  4367 | D:4      | Found a staircase to the Ecumenical Temple.
  4373 | Temple   | Entered the Ecumenical Temple
  4793 | Temple   | Became a worshipper of Uskayaw the Reveller
  4977 | D:5      | Entered Level 5 of the Dungeon
  4992 | D:5      | Reached * piety under Uskayaw
  4993 | D:5      | Reached skill level 3 in Fighting
  4995 | D:5      | Reached ** piety under Uskayaw
  5163 | D:5      | Reached skill level 4 in Fighting
  5227 | D:5      | Found an ornate altar of the Wu Jian Council.
  5332 | D:5      | Reached *** piety under Uskayaw
  5334 | D:5      | Reached XP level 8. HP: 18/48 MP: 8/8
  5341 | D:5      | Reached **** piety under Uskayaw
  5345 | D:5      | Reached skill level 5 in Fighting
  5345 | D:5      | Reached skill level 1 in Invocations
  5350 | D:5      | Reached ***** piety under Uskayaw
  5356 | D:5      | HP: 4/49 [poisoned by a killer bee]
  5359 | D:5      | HP: 1/49 [poisoned by a killer bee]
  5361 | D:5      | Reached skill level 2 in Invocations
  5765 | D:5      | Reached skill level 3 in Invocations
  6020 | D:5      | Reached skill level 6 in Fighting
  6425 | D:6      | Found a stormy altar of Qazlal.
  6464 | D:6      | Reached skill level 4 in Invocations
  6610 | D:6      | Found a burning altar of Makhleb.
  6623 | D:6      | Found a shadowy altar of Dithmenos.
  6792 | D:6      | Reached skill level 7 in Fighting
  6792 | D:6      | Reached XP level 9. HP: 57/57 MP: 12/12
  6894 | D:6      | Reached skill level 5 in Invocations
  7519 | D:7      | Reached skill level 6 in Invocations
  7523 | D:7      | Reached skill level 8 in Fighting
  8600 | D:8      | Reached skill level 9 in Short Blades
  8601 | D:8      | Reached skill level 7 in Invocations
  8724 | D:8      | Noticed Grum
  8740 | D:8      | Killed Grum
  8743 | D:8      | Reached XP level 10. HP: 57/64 MP: 15/15
  8757 | D:8      | Reached skill level 9 in Stealth
  8769 | D:8      | Reached ****** piety under Uskayaw
  8961 | D:8      | Reached skill level 10 in Short Blades
  8991 | D:8      | Noticed Maurice
  9002 | D:8      | Paralysed by Maurice for 5 turns
  9008 | D:8      | Killed Maurice
  9009 | D:8      | Reached skill level 8 in Invocations
  9230 | D:8      | Reached skill level 10 in Stealth
  9232 | D:8      | Reached skill level 9 in Invocations
  9433 | D:8      | Found an iron altar of Okawaru.
  9718 | D:8      | Noticed a green ugly thing
  9720 | D:8      | Killed a green ugly thing
  9721 | D:8      | Reached skill level 11 in Stealth
  9721 | D:8      | Reached skill level 10 in Invocations
  9801 | D:9      | Reached skill level 12 in Stealth
  9801 | D:9      | Reached XP level 11. HP: 68/68 MP: 18/18
  9903 | D:9      | Found an opulent altar of Gozag.
 10159 | D:9      | Noticed a two-headed ogre
 10163 | D:9      | Killed a two-headed ogre
 10164 | D:9      | Reached skill level 9 in Fighting
 10164 | D:9      | Reached skill level 13 in Stealth
 10566 | D:9      | Found a staircase to the Orcish Mines.
 10675 | D:10     | Entered Level 10 of the Dungeon
 11040 | D:10     | Found a shimmering altar of Xom.
 11056 | D:10     | Mangled by a komodo dragon

Vanquished Creatures
  A two-headed ogre (D:9)
  An ugly thing (D:8)
  Maurice (D:8)
  A troll (D:10)
  A slime creature (D:8)
  A wraith (D:7)
  11 yaks
  Grum (D:8)
  A water moccasin (D:7)
  3 orc warriors
  An ice beast (D:5)
  A sky beast (D:7)
  2 black bears
  2 ogres
  4 centaurs
  4 wolves (D:8)
  4 kobold brigands
  A bullfrog (D:6)
  2 gnoll sergeants
  3 scorpions
  6 wights
  5 killer bees
  A howler monkey (D:10)
  A lava snake (D:8)
  6 jellies (D:8)
  4 hounds
  4 orc priests
  A sleepcap (D:4)
  5 iguanas
  4 orc wizards
  10 gnolls
  11 adders
  4 shadow imps
  2 white imps (D:8)
  4 ufetubi
  A worm (D:4)
  4 dart slugs
  21 orcs
  3 bats
  21 endoplasms
  2 giant cockroaches
  6 goblins
  4 hobgoblins
  4 jackals
  14 kobolds
  4 quokkas
  6 ball pythons
  A frilled lizard (D:2)
  5 rats
210 creatures vanquished.

Vanquished Creatures (others)
  A killer bee (D:5)
  An orc wizard (D:10)
2 creatures vanquished.

Grand Total: 212 creatures vanquished

Table legend: (Time is in decaauts)
 A = Elapsed time spent in this place.
 B = Non-inter-level travel time spent in this place.
 C = Inter-level travel time spent in this place.
 D = Time resting spent in this place.
 E = Time spent auto-exploring this place.
 F = Levels seen in this place.
 G = Mean time per level.
                   A        B        C        D        E       F      G
               +--------+--------+--------+--------+--------+-----+--------+
         Total |  10758 |  10468 |    290 |   1221 |   7363 |  11 |  978.0 |
       Dungeon |  10318 |  10054 |    264 |   1221 |   6964 |  10 | 1031.8 |
        Temple |    439 |    413 |     26 |      0 |    399 |   1 |  439.0 |
               +--------+--------+--------+--------+--------+-----+--------+

Top non-repeatable levels by time:
     D:4: 1533 daAuts
     D:1: 1150 daAuts
     D:7: 1110 daAuts
     D:8: 1096 daAuts
     D:9: 1078 daAuts
     D:3: 1044 daAuts
     D:6: 1041 daAuts
     D:2: 1035 daAuts
     D:5: 1031 daAuts
  Temple: 439 daAuts
    D:10: 197 daAuts

Table legend:
 A = Non-vault XP
 B = Vault XP
 C = Vault XP percentage of total XP
 D = Non-vault monster count
 E = Vault monster count
 F = Vault count percentage of total count
                 A         B        C        D         E       F
            +---------+---------+-------+---------+---------+-------
      Total |    7143 |    3378 |  32.1 |     162 |      49 |  23.2
            +---------+---------+-------+---------+---------+-------
        D:1 |      40 |       0 |   0.0 |      15 |       0 |   0.0
        D:2 |      88 |       0 |   0.0 |      19 |       0 |   0.0
        D:3 |     215 |       0 |   0.0 |      19 |       0 |   0.0
        D:4 |     211 |     140 |  39.9 |      25 |       5 |  16.7
        D:5 |     886 |      75 |   7.8 |      18 |       1 |   5.3
        D:6 |     671 |       0 |   0.0 |      17 |       0 |   0.0
        D:7 |    1006 |       0 |   0.0 |      13 |       0 |   0.0
        D:8 |    1782 |    2360 |  57.0 |      14 |      36 |  72.0
        D:9 |    2244 |      36 |   1.6 |      22 |       1 |   4.3
       D:10 |       0 |     767 | 100.0 |       0 |       6 | 100.0
            +---------+---------+-------+---------+---------+-------
